 Dungeon Crawl Stone Soup version 0.21-a0-434-g806c6c2 (webtiles) character file.

79 slep the Slasher (level 4, -1/35 HPs)
             Began as a Barachi Skald on Nov 9, 2017.
             Slain by a hobgoblin
             ... wielding a +0 club
              (7 damage)
             ... on level 3 of the Dungeon.
             The game lasted 00:08:14 (1263 turns).

slep the Slasher (Barachi Skald)                    Turns: 1263, Time: 00:08:15

Health: -1/35      AC:  3    Str: 12    XL:     4   Next: 38%
Magic:  7/7        EV: 12    Int: 14    God:
Gold:   53         SH:  0    Dex: 12    Spells: 7/8 levels left

rFire    . . .     SeeInvis .   a - +0 falchion
rCold    . . .     Gourm    .   (no shield)
rNeg     + . .     Faith    .   n - +1 robe {rN+}
rPois    .         Spirit   .   (no helmet)
rElec    .         Reflect  .   (no cloak)
rCorr    .         Harm     +   (no gloves)
MR       .....                  (no boots)
Stlth    +.........             l - amulet of harm
HPRegen  0.11/turn              (no ring)
MPRegen  0.10/turn              (no ring)

@: slow
A: +LOS, swims, slowness 1, strong legs 1
a: Hop


You were on level 3 of the Dungeon.
You were not hungry.

You visited 1 branch of the dungeon, and saw 3 of its levels.

You collected 53 gold pieces.

Inventory:

Hand Weapons
 a - a +0 falchion (weapon)
 k - a +0 dagger of venom
 s - a +2 dagger of venom
Armour
 b - a +0 leather armour
 n - a +1 robe of positive energy (worn)
Jewellery
 h - an uncursed amulet of magic regeneration
 l - an amulet of harm (around neck)
Scrolls
 e - a scroll of recharging {unknown}
 f - 2 scrolls of remove curse {unknown}
 i - a scroll of fog {unknown}
 p - 3 scrolls of identify {unknown}
 r - a scroll of teleportation {unknown}
 u - a scroll of fear {unknown}
Potions
 m - a potion of invisibility {unknown}
 o - a potion of degeneration {unknown}
 q - 2 potions of might {unknown}
 t - a potion of berserk rage {unknown}
Books
 c - a book of Battle

   Spells                             Type                      Level
   a - Infusion                       Charms                       1
   b - Shroud of Golubria             Charms/Translocation         2
   c - Song of Slaying                Charms                       2
   d - Spectral Weapon                Hexes/Charms                 3
   e - Regeneration                   Charms/Necromancy            3
Comestibles
 d - a bread ration
 g - 15 fruits
 j - 2 royal jellies


   Skills:
 + Level 3.0 Fighting
 + Level 4.0 Long Blades
 + Level 1.8 Armour
 + Level 2.3 Dodging
 + Level 2.5 Spellcasting
 + Level 3.7 Charms


You had 7 spell levels left.
You knew the following spells:

 Your Spells              Type           Power        Failure   Level  Hunger
a - Infusion              Chrm           ##..         4%          1    #......


Dungeon Overview and Level Annotations

Branches:
Dungeon (3/15)

Altars:
Fedhas


Innate Abilities, Weirdness & Mutations

Shadows flee at your approach. (+LOS)
You can swim through water.
You cover ground slowly.
You can hop short distances.


Message History

The rat is severely wounded.
You hit the rat.
You kill the rat!
You see here a stone.
A hobgoblin comes into view. It is wielding a club.
Things that are here:
an uncursed hunting sling; 15 stones; a goblin corpse You butcher the goblin corpse.
The hobgoblin shouts!
Things that are here:
an uncursed hunting sling; 15 stones; 2 chunks of flesh
Found 6 gold pieces and a bread ration.
You barely miss the hobgoblin. The hobgoblin hits you with a club.
* * * LOW HITPOINT WARNING * * *
You closely miss the hobgoblin. The hobgoblin barely misses you.
You riposte.
You hit the hobgoblin but do no damage. You barely miss the hobgoblin.
The hobgoblin closely misses you.
You hit the hobgoblin but do no damage. The hobgoblin barely misses you.
You closely miss the hobgoblin. The hobgoblin hits you with a club.
You die...

........#......#####
....%.. #......#
......# #......#
..(.?# #......#
....# #......#
...#####.######
#.#.....#
########g....###
..$.....@#.#.#######
########.#.(...†...#
#)###(#######
#..(..# #######


You could see a hobgoblin.

Vanquished Creatures
  3 adders (D:2)
  A worm (D:2)
  2 leopard geckos (D:1)
  2 giant cockroaches
  3 hobgoblins
  6 jackals (D:1)
  A quokka (D:2)
  A ball python (D:2)
  2 bats
  5 frilled lizards
  10 goblins
  7 kobolds (D:1)
  5 rats
48 creatures vanquished.

Notes
Turn   | Place    | Note
-------+----------+-------------------------------------------
     0 | D:1      | slep the Barachi Skald began the quest for the Orb.
     0 | D:1      | Reached XP level 1. HP: 17/17 MP: 3/3
   122 | D:1      | Reached XP level 2. HP: 19/23 MP: 5/5
   570 | D:1      | Reached XP level 3. HP: 22/28 MP: 4/6
   575 | D:1      | Reached skill level 3 in Long Blades
   885 | D:2      | Reached XP level 4. HP: 14/35 MP: 5/7
   921 | D:2      | Found a blossoming altar of Fedhas.
  1129 | D:2      | Reached skill level 4 in Long Blades
  1263 | D:3      | Slain by a hobgoblin

Vault maps used:
D:1:      lemuel_arrival_muddy, kennysheep_boxes
D:2:      overflow_temple_1_default
D:3:      kiku_gazebo_garden_becter, nicolae_overflow_hidden_temple,
          first_bread, uniq_jessica, uniq_natasha

Skill      XL: |  1  2  3  4 |
---------------+-------------+-----
Long Blades    | 3 4 |  4.0
Fighting       | 3 |  3.0
Armour         | |  1.8
Dodging        | |  2.3
Spellcasting   | |  2.5
Charms         | |  3.7

Action                   |  1- 3 |  4- 6 || total
-------------------------+-------+-------++-------
Melee: Falchion          |   104 |    45 ||   149
 Cast: Infusion          |     4 |       ||     4
 Abil: Hop               |     1 |       ||     1
  Eat: Chunk             |     1 |     1 ||     2
Armor: Leather armour    |    28 |    10 ||    38
       Robe              |       |     3 ||     3
Dodge: Dodged            |    73 |    20 ||    93
       Rpst.: Falchion   |    25 |     7 ||    32

Table legend:
 A = Spawn XP
 B = Non-spawn XP
 C = Spawn XP percentage of total XP
 D = Spawn monster count
 E = Non-spawn monster count
 F = Spawn count percentage of total count
 G = Total turns spent on level
                    A         B        C        D         E        F      G
               +---------+---------+-------+---------+---------+-------+---------
         Total |       0 |     114 |   0.0 |       0 |      48 |   0.0 |  1263
               +---------+---------+-------+---------+---------+-------+---------
           D:1 |       0 |      41 |   0.0 |       0 |      25 |   0.0 |   744
           D:2 |       0 |      68 |   0.0 |       0 |      19 |   0.0 |   409
           D:3 |       0 |       5 |   0.0 |       0 |       4 |   0.0 |   110
               +---------+---------+-------+---------+---------+-------+---------
